 Dungeon Sprint DCSS version 0.29-a0-542-g075992c915 (webtiles) character file.

Game seed: 8776248627848393997

431 mhtbhm the Protected (level 7, -7/70 HPs)
             Began as a Meteoran Fighter on June 4, 2022.
             Was an Initiate of Gozag.
             Mangled by a slime creature (12 damage)
             ... in the Dungeon (Sprint I: "Red Sonja").
             The game lasted 00:01:59 (465 turns).

mhtbhm the Protected (Meteoran Fighter)              Turns: 465, Time: 00:01:59

Health: -7/70      AC: 10    Str: 22    XL:     7   Next: 43%
Magic:  8/8        EV: 10    Int: 11    God:    Gozag
Gold:   14         SH:  6    Dex: 12    Spells: 6/6 levels left

rFire   . . .      SeeInvis .   a - +0 flail
rCold   . . .      Faith    .   c - +0 buckler
rNeg    . . .      Spirit   .   b - +2 scale mail "Tarhad" {Rampage rCorr Str+5 Dex-3}
rPois   .          Reflect  .   (no helmet)
rElec   .          Harm     .   (no cloak)
rCorr   +          Rampage  +   (no gloves)
Will    .....      NoTele   +   (no boots)
Stlth   ..........              (no amulet)
HPRegen 0.21/turn               (no ring)
MPRegen 0.11/turn               (no ring)

@: glowing
A: sense surroundings 1, otherworldly, glowing, explore regen
a: Renounce Religion, Potion Petition, Call Merchant, Bribe Branch


You were in the Dungeon.
You worshipped Gozag.
Gozag was noncommittal.
You visited 1 branch You collected 352 gold pieces.
You spent 338 gold pieces at shops.

Inventory:

Hand Weapons
 a - a +0 flail (weapon)
Armour
 b - the +2 scale mail "Tarhad" (worn) {Rampage rCorr Str+5 Dex-3}
   (You bought it in a shop in the Dungeon)

   Str:       It affects your strength (+5).
   Dex:       It affects your dexterity (-3).
   rCorr:     It protects you from acid and corrosion.
   Rampage:   It bestows one free step when moving towards enemies.
 c - a +0 buckler (worn)
Wands
 i - a wand of digging (4)
Scrolls
 j - a scroll of blinking
 k - a scroll of identify {unknown}
Potions
 d - a potion of might
 e - a potion of curing
 f - 2 potions of heal wounds
 g - a potion of haste
 h - 2 potions of magic
 l - 2 potions of flight {unknown}


   Skills:
 + Level 9.1 Fighting
 + Level 7.7 Maces & Flails
 + Level 9.9 Armour
 + Level 2.2 Dodging
 + Level 9.6 Shields


You had 6 spell levels left.
You didn't know any spells.
Your spell library was empty.

Dungeon Overview and Level Annotations

Branches:
Dungeon (1/1)

Altars:
Cheibriados
Dithmenos
Elyvilon
Fedhas
Gozag
Hepliaklqana
Kikubaaqudgha
Makhleb
Nemelex Xobeh
Okawaru
Qazlal
Ru
Sif Muna
Trog
Uskayaw
Vehumet
Wu Jian
Xom
Yredelemnul
Zin
The Shining One
Jiyva
Lugonu

Shops:
D [[


Innate Abilities, Weirdness & Mutations

You passively map a small area around you.
You are easily found by Zot.
You glow in the dark.
You regain HP and MP as you explore.


Message History

The slime creature is moderately wounded.
The slime creature hits you but does no damage.
You hit the slime creature but do no damage.
The slime creature is moderately wounded.
The slime creature hits you!
You hit the slime creature.
The slime creature is heavily wounded.
You block the slime creature's attack.
You barely miss the slime creature.
The slime creature is heavily wounded.
The slime creature hits you but does no damage.
You hit the slime creature.
The slime creature is heavily wounded.
The slime creature hits you.
You hit the slime creature but do no damage.
The slime creature is heavily wounded.
The slime creature hits you!
You hit the slime creature.
The slime creature is heavily wounded.
The slime creature hits you!
* * * LOW HITPOINT WARNING * * *
You sock the slime creature!
The slime creature is severely wounded.
The slime creature hits you but does no damage.
You completely miss the slime creature.
The slime creature is severely wounded.
The slime creature hits you!
* * * LOW HITPOINT WARNING * * *
You thump the slime creature!
The slime creature is almost dead.
The slime creature completely misses you.
You barely miss the slime creature.
The slime creature is almost dead.
The slime creature hits you!
* * * LOW HITPOINT WARNING * * *
You hit the slime creature.
The slime creature is almost dead.
The slime creature hits you!
You die...
Your body crumbles into a pile of gold.

################### **
* #<.#..)..#.['..#__#$$
$$
#..)[.#..'..#..@J.+$$ ,
+ $ #..#####'#####'#__#
$ #..####..#...#(#### $
#..#__####..##.#≈ , $$
#..#_____##'#_.+
#⌠⌠#_.∩...'..._# , *$$
,
####_..__##_.#'##+#####
*
$$#_____###+#...)....#
+$ *####### *
####+###.## $ *


You could see a slime creature.

Vanquished Creatures
  Sigmund (D)
  A yak (D)
  An ogre (D)
  A jelly (D)
  Ijyb (D)
5 creatures vanquished.

Vanquished Creatures (others)
  A gargoyle (D)
1 creature vanquished.

Grand Total: 6 creatures vanquished

Notes
Turn   | Place    | Note
-------+----------+-------------------------------------------
     0 | D        | mhtbhm the Meteoran Fighter began the quest for the Orb.
     0 | D        | Reached XP level 1. HP: 19/19 MP: 2/2
     2 | D        | Noticed Ijyb
     6 | D        | Killed Ijyb
     7 | D        | Reached skill level 5 in Armour
     7 | D        | Reached skill level 5 in Shields
     7 | D        | Reached XP level 2. HP: 28/28 MP: 3/3
     7 | D        | Reached XP level 3. HP: 35/35 MP: 4/4
   137 | D        | Noticed an ogre
   141 | D        | Killed an ogre
   142 | D        | Reached XP level 4. HP: 45/45 MP: 5/5
   142 | D        | Reached XP level 5. HP: 51/51 MP: 6/6
   145 | D        | Noticed Sigmund
   153 | D        | Killed Sigmund
   154 | D        | Reached skill level 1 in Dodging
   154 | D        | Reached XP level 6. HP: 30/61 MP: 7/7
   159 | D        | Found a shimmering blue altar of Sif Muna.
   160 | D        | Found an ornate altar of the Wu Jian Council.
   161 | D        | Found a radiant altar of Vehumet.
   168 | D        | Found Nilloaph's Armour Emporium.
   168 | D        | Found an ancient bone altar of Kikubaaqudgha.
   168 | D        | Found a hazy altar of Hepliaklqana.
   168 | D        | Found a stormy altar of Qazlal.
   168 | D        | Found a hide-covered altar of Uskayaw.
   168 | D        | Found a blossoming altar of Fedhas.
   168 | D        | Found a bloodstained altar of Trog.
   168 | D        | Found an iron altar of Okawaru.
   168 | D        | Found a basalt altar of Yredelemnul.
   168 | D        | Found a glowing golden altar of the Shining One.
   168 | D        | Found a snail-covered altar of Cheibriados.
   168 | D        | Found a sacrificial altar of Ru.
   168 | D        | Found a glowing silver altar of Zin.
   168 | D        | Found a shadowy altar of Dithmenos.
   168 | D        | Found a white marble altar of Elyvilon.
   168 | D        | Noticed a yak
   173 | D        | Killed a yak
   174 | D        | Reached XP level 7. HP: 24/70 MP: 8/8
   174 | D        | Found an opulent altar of Gozag.
   175 | D        | Found a sparkling altar of Nemelex Xobeh.
   178 | D        | Became a worshipper of Gozag Ym Sagoz the Greedy
   372 | D        | Killed a gargoyle
   387 | D        | Found Qainemoc's Armour Emporium.
   402 | D        | Bought the +2 scale mail "Tarhad" {Rampage rCorr Str+5
                  | Dex-3} for 338 gold pieces
   451 | D        | Found a burning altar of Makhleb.
   451 | D        | Found a viscous altar of Jiyva.
   451 | D        | Found a shimmering altar of Xom.
   451 | D        | Found a corrupted altar of Lugonu.
   451 | D        | Noticed a slime creature
   465 | D        | Mangled by a slime creature

Illustrated notes

Levels and vault maps discovered:
D:        dungeon_sprint_1 [red_sonja_temple_1, red_sonja_temple_small_1]

Skill      XL: |  1  2  3  4  5  6 |
---------------+-------------------+-----
Fighting       | 4 6 8 9 |  9.1
Maces & Flails | 3 4 6 7 |  7.7
Armour         | 5 6 8 9 |  9.9
Shields        | 5 6 8 9 |  9.6
Dodging        | 1 2 |  2.2

Action                   |  1- 3 |  4- 6 |  7- 9 || total
-------------------------+-------+-------+-------++-------
Melee: Flail             |     6 |    13 |    14 ||    33
Evoke: Wand              |       |       |     1 ||     1
  Use: Potion            |     2 |       |       ||     2
Armor: Leather armour    |       |     1 |       ||     1
       Scale mail        |       |       |     3 ||     3
Dodge: Dodged            |     1 |     1 |     1 ||     3
Block: Buckler           |     2 |     3 |     2 ||     7

Table legend: (Time is in decaauts)
 A = Elapsed time spent in this place.
 B = Non-inter-level travel time spent in this place.
 C = Inter-level travel time spent in this place.
 D = Time resting spent in this place.
 E = Time spent auto-exploring this place.
 F = Levels seen in this place.
 G = Mean time per level.
                   A        B        C        D        E       F      G
               +--------+--------+--------+--------+--------+-----+--------+
         Total |    473 |    457 |     16 |    211 |      0 |   1 |  473.0 |
       Dungeon |    473 |    457 |     16 |    211 |      0 |   1 |  473.0 |
               +--------+--------+--------+--------+--------+-----+--------+

Top non-repeatable levels by time:
       D: 473 daAuts
